 Dungeon Crawl Stone Soup version 0.27.0-1-g7a089689b8 (webtiles) character file.

Game seed: 9112838049137371884

7602 DocSulfur the Schismatic (level 10, 0/76 HPs)
             Began as a Mummy Abyssal Knight on Aug 1, 2021.
             Was an Elder of Lugonu.
             Slain by a vampire mosquito (7 damage)
             ... on level 10 of the Dungeon.
             The game lasted 00:55:15 (15661 turns).

DocSulfur the Schismatic (Mummy Abyssal Knight)    Turns: 15661, Time: 00:55:16

Health: 0/76       AC: 10    Str: 15    XL:     10   Next: 97%
Magic:  16/16      EV: 10    Int: 13    God:    Lugonu [****..]
Gold:   690        SH:  5    Dex: 14    Spells: 8/15 levels left

rFire    . . .     SeeInvis .   G - +7 glaive "Newtslayer" {venom, rElec}
rCold    + + .     Faith    .   (shield currently unavailable)
rNeg     + + +     Spirit   .   N - +4 ring mail of the Will of the Gods {rF+ rC+}
rPois    ∞         Reflect  +   (no helmet)
rElec    +         Harm     .   f - +0 cloak
rCorr    .         Rampage  .   (no gloves)
Will     +....                  (no boots)
Stlth    +.........             y - amulet of reflection
HPRegen  0.22/turn              (no ring)
MPRegen  0.15/turn              (no ring)

@: no status effects
A: cold resistance 1, negative energy resistance 3, torment resistance 2, heat
vulnerability 1, no potions
a: Renounce Religion, Depart the Abyss, Bend Space, Banish, Corrupt


You were on level 10 of the Dungeon.
You worshipped Lugonu.
Lugonu was greatly pleased with you.
You visited 1 branch of the dungeon, and saw 10 of its levels.
You visited the Abyss 1 time.
You also visited: Ossuary.

You collected 690 gold pieces.

Inventory:

Hand Weapons
 a - a +1 hand axe
 g - a +2 vampiric dagger
 m - a +1 short sword of venom
 n - a +0 quarterstaff
 s - a +0 hunting sling
 w - a +2 flail of protection
 G - the +7 glaive "Newtslayer" (weapon) {venom, rElec}
   (You found it on level 6 of the Dungeon)

   It poisons the flesh of those it strikes.
   rElec:     It insulates you from electricity.
 J - a +0 hand axe of venom
 L - a +2 war axe
Missiles
 c - 56 sling bullets
 e - 69 bolts
 j - 11 boomerangs (quivered)
 l - 315 stones
 O - 8 curare-tipped darts
 Q - 11 poisoned darts
 R - 3 javelins
Armour
 b - a +0 leather armour
 f - a +0 cloak (worn)
 h - a +2 robe of willpower
 p - a +0 scale mail
 r - a +0 chain mail
 v - a +4 chain mail of fire resistance
 K - the +0 kite shield of the Decaying Swan {rN++ Regen+}
   (You took it off a wight on level 8 of the Dungeon)

   rN:        It greatly protects you from negative energy.
   Regen:     It increases your rate of health regeneration.
 M - a +0 troll leather armour
 N - the +4 ring mail of the Will of the Gods (worn) {rF+ rC+}
   (You found it on level 9 of the Dungeon)

   rF:        It protects you from fire.
   rC:        It protects you from cold.
Magical Staves
 B - a staff of conjuration
Jewellery
 u - a ring of fire
 y - an amulet of reflection (around neck)
 E - an amulet of magic regeneration
 P - an amulet of the acrobat
Wands
 k - a wand of polymorph (6)
 A - a wand of digging (5)
Scrolls
 d - 3 scrolls of teleportation
 i - 2 scrolls of magic mapping {unknown}
 o - a scroll of fear
 q - 2 scrolls of brand weapon
 t - a scroll of vulnerability {unknown}
 x - a scroll of amnesia
 z - 2 scrolls of blinking
 C - 2 scrolls of immolation
 D - a scroll of identify
 F - a scroll of fog
 H - 3 scrolls of summoning {unknown}
 I - a scroll of enchant weapon {unknown}


   Skills:
 + Level 6.1 Fighting
 - Level 2.0 Short Blades
 - Level 2.0(5.1) Axes
 + Level 7.5(7.7) Polearms
 - Level 1.5 Armour
 - Level 0.7 Dodging
 - Level 2.0 Stealth
 + Level 4.3 Shields
 - Level 3.0 Spellcasting
 - Level 6.0 Hexes
 - Level 0.9 Air Magic
 - Level 0.9 Poison Magic
 + Level 8.1 Invocations


You had 8 spell levels left.
You knew the following spells:

 Your Spells              Type           Power      Damage    Failure   Level
a - Confusing Touch       Hex            17%        N/A       11%         3
b - Slow                  Hex            17%        N/A       5%          2
c - Poisonous Vapours     Pois/Air       8%         N/A       43%         2

Your spell library contained the following spells:

 Spells                   Type           Power      Damage    Failure   Level
 Sting                    Tmut/Pois      12%        1d3       36%         1
 Freeze                   Ice            4%         1d3       41%         1
 Summon Small Mammal      Summ           4%         N/A       41%         1
 Olgreb's Toxic Radiance  Pois           4%         N/A       97%         4
 Yara's Violent Unravell  Hex/Tmut       4%         3d4       98%         5


Dungeon Overview and Level Annotations

Branches:
Dungeon (10/15)            Temple (0/1) D:6            Lair (0/6) D:8
Ossuary (visited)
    Orc: D:9-12

Altars:
Cheibriados
Elyvilon
Fedhas
Gozag
Ru
Sif Muna
Uskayaw
Vehumet
Xom
The Shining One

Shops:
D:4 !

Annotations:
D:4 2 runed translucent doors, Gargoyl's ghost, novice GnAK
D:10 Grum


Innate Abilities, Weirdness & Mutations

You are immune to poison.
Your flesh is cold resistant. (rC+)
You are immune to negative energy. (rN+++)
You are immune to unholy pain and torment.
You are vulnerable to heat. (rF-)
You do not drink.


Message History

The vampire mosquito bites you.
You slice the vampire mosquito!!
You destroy the vampire mosquito!
Lugonu accepts your kill.
The vampire mosquito bites you but does no damage.
The vampire mosquito bites you.
You block the vampire mosquito's attack.
The vampire mosquito bites you but does no damage.
The vampire mosquito bites you. The vampire mosquito bites you.
The vampire mosquito closely misses you.
The vampire mosquito bites you.
You barely miss the vampire mosquito.
The vampire mosquito completely misses you.
The vampire mosquito bites you. The vampire mosquito bites you!
The vampire mosquito bites you.
The vampire mosquito bites you but does no damage. x2
The vampire mosquito bites you.
Things that are here:
a +0 short sword; a kobold corpse You completely miss the vampire mosquito.
The vampire mosquito closely misses you.
The vampire mosquito bites you but does no damage.
The vampire mosquito closely misses you.
The vampire mosquito bites you. The vampire mosquito misses you.
You slice the vampire mosquito!!
The vampire mosquito is severely damaged.
The vampire mosquito bites you! x2
* * * LOW HITPOINT WARNING * * *
You block the vampire mosquito's attack.
The vampire mosquito closely misses you.
You miss the vampire mosquito.
The vampire mosquito is severely damaged.
The vampire mosquito bites you but does no damage.
The vampire mosquito closely misses you.
The vampire mosquito bites you but does no damage. x2
The vampire mosquito bites you!
* * * LOW HITPOINT WARNING * * *
The vampire mosquito bites you!
You die...

#..###..# ......#
#.......# #... .....#
#.†.....####..# #..##
#..###........# #....
#..# #........# #....
#..# #..####..# #..##
#..# #..# #..# #.<#
#..###.y####..#######..##
#......y@.....)).........
#..............))...?....
#########################


You could see 2 vampire mosquitoes.

Vanquished Creatures
  An elephant (D:8)
  A torpor snail (D:8)
  A troll (D:8)
  2 wraiths
  A shadow (D:9)
  5 yaks (D:9)
  2 vampire mosquitoes (D:10)
  2 wyverns
  3 steam dragons
  Menkaure (D:6)
  A water moccasin (D:9)
  2 orc warriors (D:9)
  An ice beast (D:6)
  2 black bears
  An ogre (D:6)
  A wolf (D:10)
  5 centaurs
  A phantom (D:6)
  Blork the orc (D:6)
  2 kobold brigands
  A wyvern zombie (D:6)
  2 bullfrogs
  A gnoll sergeant (D:9)
  2 elf skeletons (D:7)
  3 scorpions
  5 killer bees (D:8)
  11 wights
  A howler monkey (D:7)
  A centaur zombie (D:9)
  3 hounds
  4 orc priests
  2 centaur skeletons
  Jessica (D:2)
  4 iguanas
  2 human skeletons (D:7)
  3 orc wizards
  8 mummies (Ossuary)
  2 howler monkey zombies
  7 gnolls
  A howler monkey skeleton (D:5)
  8 adders
  2 white imps
  2 worms
  5 dart slugs
  20 orcs
  6 bats
  7 endoplasms
  A giant cockroach (D:2)
  8 goblins
  5 hobgoblins
  6 jackals
  A quokka (D:3)
  5 ball pythons
  7 frilled lizards
  A gnoll zombie (Ossuary)
  2 hobgoblin zombies (Ossuary)
  21 kobolds
  3 kobold zombies (Ossuary)
  An orc skeleton (D:7)
  3 orc zombies
  4 rats
218 creatures vanquished.

Vanquished Creatures (others)
  2 plants (D:8)
2 creatures vanquished.

Grand Total: 220 creatures vanquished

Notes
Turn   | Place    | Note
-------+----------+-------------------------------------------
     0 | Abyss:1  | DocSulfur the Mummy Abyssal Knight began the quest for the
                  | Orb.
     0 | Abyss:1  | Reached XP level 1. HP: 18/18 MP: 2/2
    14 | Abyss:1  | Found a corrupted altar of Lugonu.
    18 | D:1      | Escaped the Abyss
   152 | D:1      | Reached skill level 2 in Invocations
   152 | D:1      | Reached XP level 2. HP: 23/24 MP: 3/3
   593 | D:1      | Found a faded altar of an unknown god.
  1058 | D:1      | Reached XP level 3. HP: 28/29 MP: 4/4
  1061 | D:1      | Reached ** piety under Lugonu
  1454 | D:2      | Noticed Jessica
  1687 | D:2      | Killed Jessica
  1688 | D:2      | Reached skill level 1 in Spellcasting
  1688 | D:2      | Reached skill level 1 in Hexes
  1909 | D:2      | Reached XP level 4. HP: 35/35 MP: 6/6
  1958 | D:2      | Learned a level 3 spell: Confusing Touch
  1961 | D:2      | Learned a level 2 spell: Slow
  1997 | D:2      | Reached skill level 3 in Invocations
  3009 | D:3      | Reached XP level 5. HP: 41/41 MP: 8/8
  3126 | D:3      | Reached *** piety under Lugonu
  3828 | D:3      | Reached skill level 1 in Stealth
  3828 | D:3      | Reached XP level 6. HP: 41/47 MP: 10/10
  4002 | D:4      | Found a runed translucent door.
  4004 | D:4      | Noticed Gargoyl's ghost (novice GnAK)
  4138 | D:4      | Found a runed translucent door.
  4152 | D:4      | Found Wemneo's Distillery.
  4644 | D:4      | Reached skill level 1 in Short Blades
  4943 | D:4      | Noticed Edmund
  4944 | D:4      | Noticed Edmund
  4944 | D:4      | Edmund changed into Edmund the naga
  4959 | D:4      | Noticed Edmund
  4959 | D:4      | Edmund the naga changed into Edmund the frilled lizard
  4963 | D:4      | Killed Edmund the frilled lizard
  5036 | D:4      | Noticed Grinder
  5080 | D:4      | Noticed Grinder
  5080 | D:4      | Grinder changed into Grinder the white imp
  5090 | D:4      | Killed Grinder the white imp
  5232 | D:5      | Entered Level 5 of the Dungeon
  5454 | D:5      | Reached skill level 4 in Invocations
  5527 | D:5      | Found a shimmering altar of Xom.
  5590 | D:5      | Reached XP level 7. HP: 31/52 MP: 11/11
  6039 | D:6      | Noticed Menkaure
  6040 | D:6      | Found a hide-covered altar of Uskayaw.
  6047 | D:6      | Killed Menkaure
  6532 | D:6      | Reached skill level 5 in Invocations
  7431 | D:7      | Reached XP level 8. HP: 31/58 MP: 7/12
  7546 | D:7      | Reached skill level 5 in Hexes
  7557 | D:7      | Found a sand-covered staircase.
  7562 | Ossuary  | Entered an ossuary
  7728 | Ossuary  | Reached **** piety under Lugonu
  7757 | Ossuary  | Reached skill level 6 in Invocations
  8967 | D:7      | Found a sacrificial altar of Ru.
  9470 | D:7      | Learned a level 2 spell: Poisonous Vapours
  9493 | D:8      | Found a blossoming altar of Fedhas.
  9518 | D:8      | Noticed an elephant
  9519 | D:8      | Found a staircase to the Lair.
  9608 | D:6      | Reached skill level 7 in Invocations
  9622 | D:6      | Identified the +7 glaive "Newtslayer" {venom, rElec}
  9641 | D:6      | Found a staircase to the Ecumenical Temple.
  9641 | D:6      | Noticed Blork the orc
  9661 | D:6      | Killed Blork the orc
  9866 | D:6      | Found a radiant altar of Vehumet.
  9912 | D:6      | Reached XP level 9. HP: 47/63 MP: 14/14
 10148 | D:6      | Reached skill level 8 in Invocations
 10211 | D:6      | You fall into a shaft and drop 1 floor!
 10610 | D:7      | Reached skill level 1 in Polearms
 10955 | D:8      | Noticed a two-headed ogre
 10958 | D:8      | Banished a two-headed ogre
 10959 | D:8      | Reached skill level 5 in Fighting
 11156 | D:8      | Killed an elephant
 11237 | D:8      | Identified the +0 kite shield of the Decaying Swan {rN++
                  | Regen+}
 11434 | D:8      | Reached XP level 10. HP: 76/76 MP: 16/16
 11643 | D:8      | Reached skill level 5 in Polearms
 11891 | D:8      | Noticed a two-headed ogre
 11894 | D:8      | Noticed a torpor snail
 11894 | D:8      | a two-headed ogre changed into a torpor snail
 11912 | D:8      | Killed a torpor snail
 12023 | D:8      | Found a snail-covered altar of Cheibriados.
 12192 | D:9      | Found a shimmering blue altar of Sif Muna.
 12203 | D:9      | Got Sif Muna's Volume of the Frostbite
 12205 | D:9      | Got Sif Muna's Grimoire of Calling
 12211 | D:9      | Got Sif Muna's Volume of Companions
 12334 | D:9      | Reached skill level 1 in Shields
 12626 | D:9      | Noticed a harpy
 12647 | D:8      | Noticed a black mamba
 12647 | D:8      | a harpy changed into a black mamba
 12650 | D:8      | Noticed a shining eye
 12650 | D:8      | a black mamba changed into a shining eye
 13100 | D:8      | Noticed a shock serpent
 13265 | D:9      | Identified the +4 ring mail of the Will of the Gods {rF+
                  | rC+}
 14607 | D:10     | Entered Level 10 of the Dungeon
 15379 | D:10     | Noticed Grum
 15420 | D:10     | Found an opulent altar of Gozag.
 15661 | D:10     | Slain by a vampire mosquito

Illustrated notes

Levels and vault maps discovered:
D:1:      psy_arrival_fountain, layout_basic,
          shapermc_ecumenical_altar_mp_highgroup, serial_forest,
          infiniplex_forest_lined_3, infiniplex_forest_straight_2,
          infiniplex_forest_clump_tiny, infiniplex_forest_straight_4,
          infiniplex_forest_end_2, infiniplex_forest_lined_room_3,
          infiniplex_forest_lined_corner, infiniplex_forest_clump_curved,
          minmay_misc_feat_chi, wander_ebering_terrifying_dragon_lair
D:2:      layout_loops_ring, uniq_jessica
D:3:      layout_basic, serial_glass, glass_columns_a, glass_columns_a
D:4:      layout_loops_corners, ebering_ghost_sewer_f, serial_shops, shop,
          uniq_edmund, uniq_grinder
D:5:      layout_rooms, xom_teletrap_fun
D:6:      layout_basic, kennysheep_mini, eat_drink_and_be_merry_uskayaw,
          mainiacjoe_overflow_24_doors, minmay_temple_entry_fiery,
          minmay_crystal_room, uniq_menkaure, uniq_blork_the_orc
D:7:      layout_cave_pods, lemuel_round_altar, nicolae_ossuary_entry_catacombs,
          minmay_fractal_squares_5
D:8:      layout_gridville, fedhas_ov_isle_minmay, chei_slow_surprise,
          david_lair_generic
D:9:      minmay_spotlight, layout_loops_corners,
          nicolae_sif_muna_little_library, overflow_temple_1_default,
          kennysheep_small_circle
D:10:     layout_small_grid, makhleb_altar_promises_db,
          nicolae_overflow_crystal_walls, hex_medium, uniq_grum, uniq_josephine

Skill      XL: |  1  2  3  4  5  6  7  8  9 10 |
---------------+-------------------------------+-----
Axes           | 2 |  2.0
Invocations    | 2 3 4 5 7 8 |  8.1
Spellcasting   | 1 2 3 |  3.0
Hexes          | 1 2 3 4 6 |  6.0
Stealth        | 1 2 |  2.0
Short Blades   | 1 2 |  2.0
Polearms       | 4 7 |  7.5
Fighting       | 6 |  6.1
Shields        | 4 |  4.3
Armour         | |  1.5
Dodging        | |  0.7
Air Magic      | |  0.9
Poison Magic   | |  0.9

Action                   |  1- 3 |  4- 6 |  7- 9 | 10-12 || total
-------------------------+-------+-------+-------+-------++-------
Melee: Hand axe          |   100 |       |       |       ||   100
       Dagger            |    28 |   129 |       |       ||   157
       Short sword       |       |   117 |    60 |       ||   177
       Flail             |       |    36 |   166 |       ||   202
       Glaive            |       |       |    54 |   198 ||   252
Throw: Boomerang         |       |       |     8 |     8 ||    16
Invok: Bend Space        |     1 |       |     1 |     1 ||     3
       Banish            |       |       |     5 |     1 ||     6
Evoke: Wand              |       |     8 |    28 |     4 ||    40
  Use: Scroll            |       |       |     9 |     3 ||    12
 Stab: Sleeping          |       |     4 |     5 |       ||     9
       Distracted        |       |     1 |       |     1 ||     2
Armor: Leather armour    |    43 |       |       |       ||    43
       Robe              |     9 |    91 |    70 |       ||   170
       Chain mail        |       |       |    51 |    54 ||   105
       Ring mail         |       |       |       |    53 ||    53
Dodge: Dodged            |    77 |   145 |   129 |   108 ||   459
Block: Other             |       |     9 |    68 |    86 ||   163
       Reflection        |       |       |     3 |     6 ||     9
